[Event "Late-Titled-Tuesday-Blitz-November-28-2023"]
[Site "Chess.com"]
[Date "2023.11.28"]
[Round "3"]
[White "BogdanDeac"]
[Black "Mikasinski"]
[Result "1-0"]
[WhiteElo "3009"]
[BlackElo "2704"]
[TimeControl "180+1"]
[EndTime "14:27:26 PST"]
[Termination "BogdanDeac won by resignation"]

1. b3 d5 2. Bb2 Nf6 3. e3 Bf5 4. c4 e6 5. cxd5 exd5 6. Qf3 Be4 7. Bxf6 gxf6 8. Qd1 d4 9. exd4 Nc6 10. Nc3 Qe7 11.
Nxe4 Qxe4+ 12. Qe2 Qxe2+ 13. Nxe2 O-O-O 14. O-O-O Nb4 15. Nc3 Rxd4 16. Bc4 Rxc4 17. bxc4 Nd3+ 18. Kc2 Nxf2 19. Rhf1 Nxd1 20. Kxd1 Bd6 21. g3 Be5 22. Nd5 h5 23. Nxf6 h4 24. Ne4 hxg3 25. hxg3 Rh7 26.
Rf5 f6 27. Ke2 Rg7 28. Kf3 Rg6 29. g4 Kd7 30. d4 Bd6 31. Rxf6 Rg7 32. g5 Be7 33. Rf5 c6 34. Kg4 Rh7 35. d5 Rh2 36. Rf7 Ke8 37. g6 Rg2+ 38. Kf5 cxd5 39. cxd5 Rxa2 40.
Ke6 1-0

[Event "Late-Titled-Tuesday-Blitz-November-28-2023"]
[Site "Chess.com"]
[Date "2023.11.28"]
[Round "3"]
[White "Sacbutt"]
[Black "dorpato"]
[Result "1-0"]
[WhiteElo "2356"]
[BlackElo "2082"]
[TimeControl "180+1"]
[EndTime "14:27:26 PST"]
[Termination "Sacbutt won on time"]

1. e4 c5 2. Nf3 d6 3. d4 cxd4 4. Nxd4 Nf6 5. Nc3 a6 6. Be3 e5 7.
Nb3 Be7 8. f3 Be6 9. Qd2 Nc6 10.
O-O-O h5 11. Nd5 Bxd5 12. exd5 Nb8 13. Na5 Qc7 14. f4 Nbd7 15. Kb1 Rc8 16. Be2 exf4 17. Bxf4 Ne4 18. Qb4 Qxc2+ 19. Ka1 Qxe2 20. Rhe1 Qxg2 21. Qxe4 Qxe4 22. Rxe4 Nf6 23. Re2 Kd7 24. Nxb7 Rc4 25. Bg3 Rhc8 26. a3 Rc1+ 27. Rxc1 Rxc1+ 28. Ka2 Nxd5 29. Rd2 Nf6 30. Nxd6 Bxd6 31. Rxd6+ Ke7 32. Rxa6 Rc2 33. a4 Ne4 34. Bf4 f6 35. Ra7+ Ke6 36.
a5 Kf5 37. Bb8 g5 38. Rf7 1-0

[Event "Late-Titled-Tuesday-Blitz-November-28-2023"]
[Site "Chess.com"]
[Date "2023.11.28"]
[Round "3"]
[White "dianamirza"]
[Black "NotFischer"]
[Result "0-1"]
[WhiteElo "2019"]
[BlackElo "2345"]
[TimeControl "180+1"]
[EndTime "14:27:26 PST"]
[Termination "NotFischer won by checkmate"]

1. e4 d5 2. exd5 Qxd5 3. Nc3 Qd6 4. d4 Nf6 5. Nf3 c6 6. g3 Bg4 7. Bf4 Qe6+ 8. Qe2 Bxf3 9. Qxe6 fxe6 10. Rg1 Nbd7 11.
Bh3 Kf7 12. Kd2 h5 13. Rae1 Bg4 14. Bg2 Nd5 15. Ne4 Nxf4 16. Ng5+ Kg6 17. gxf4 Nf6 18. Nxe6 Bxe6 19. Rxe6 Kf7 20. Rge1 Rd8 21. c3 Rd6 22. R6e2 e6 23. Bh3 Nd5 24. Bxe6+ Kf6 25. Bxd5 cxd5 26.
Re8 g6 27. Rb8 Bg7 28. Rxb7 Bh6 29. Ree7 Bxf4+ 30. Kc2 Bxh2 31. Rxa7 Rf8 32. a4 Rc6 33. Red7 Bd6 34. a5 h4 35. Rh7 g5 36. a6 Kf5 37.
Rh6 Rf6 38. Rhh7 Kg4 39. b4 Rxf2+ 40. Kb3 Rf3 41. b5 Rcxc3+ 42. Ka4 Ra3# 0-1

[Event "Late-Titled-Tuesday-Blitz-November-28-2023"]
[Site "Chess.com"]
[Date "2023.11.28"]
[Round "3"]
[White "Rodalquilar"]
[Black "LiemLe"]
[Result "0-1"]
[WhiteElo "2739"]
[BlackElo "3129"]
[TimeControl "180+1"]
[EndTime "14:27:27 PST"]
[Termination "LiemLe won on time"]

1. d4 Nf6 2. Nf3 d5 3. Bf4 c5 4. e3 Nc6 5. Nbd2 e6 6. c3 cxd4 7. exd4 Nh5 8. Be3 Bd6 9. Ne5 Nf6 10. Ndf3 Nd7 11. Nxd7 Bxd7 12. Bd3 Rc8 13. O-O O-O 14.
Re1 h6 15. Qd2 Qf6 16. Rad1 Rfe8 17. Bb1 Ne7 18. Ne5 Ba4 19. Rc1 Nf5 20. Bf4 Qd8 21.
Bxf5 exf5 22. Nd3 Bf8 23. Rxe8 Bxe8 24. Re1 f6 25. h4 Bf7 26. f3 b6 27. Qf2 g5 28.
Qg3 Bg6 29. Kf2 Kf7 30. hxg5 hxg5 31. Rh1 Bg7 32. Bd6 f4 33. Bxf4 Bxd3 34. Bd6 Qd7 35.
Rd1 Bf5 36. Qh2 Rh8 37. Qg3 Re8 38. Qh2 Qb5 39. Rd2 Qa4 40. b3 Qc6 41. Bb4 a5 0-1

[Event "Late-Titled-Tuesday-Blitz-November-28-2023"]
[Site "Chess.com"]
[Date "2023.11.28"]
[Round "3"]
[White "grandemestregringo"]
[Black "Elsa167"]
[Result "0-1"]
[WhiteElo "2638"]
[BlackElo "2921"]
[TimeControl "180+1"]
[EndTime "14:27:27 PST"]
[Termination "Elsa167 won on time"]

1. f4 d5 2. Nf3 g6 3. e3 Bg7 4. c4 c5 5. cxd5 Qxd5 6. Nc3 Qd8 7. Qb3 Nf6 8. Bb5+ Nbd7 9. Ng5 O-O 10. Bc4 Qe8 11.
Nb5 Nb6 12. Nc7 Qc6 13. Bxf7+ Kh8 14. Nxa8 Qxg2 15. Rf1 Bg4 16. Bc4 Nxc4 17. Qxc4 Qxh2 18. Nc7 Nh5 19. Nce6 Rf6 20. Nd8 h6 21. Ndf7+ Rxf7 22. Nxf7+ Kh7 23. Rf2 Qh4 24. Ne5 Ng3 25. Nxg4 Qxg4 26.
Rg2 Qf3 27. Rxg3 Qxg3+ 28. Kd1 h5 29. Kc2 Qg2 30. Rb1 h4 31. b3 h3 32. Bb2 h2 33.
Qf7 Qe4+ 0-1

[Event "Late-Titled-Tuesday-Blitz-November-28-2023"]
[Site "Chess.com"]
[Date "2023.11.28"]
[Round "3"]
[White "Alexei_Gubajdullin"]
[Black "Grischuk"]
[Result "0-1"]
[WhiteElo "2658"]
[BlackElo "3081"]
[TimeControl "180+1"]
[EndTime "14:27:27 PST"]
[Termination "Grischuk won on time"]

1. d4 Nf6 2. Nf3 d5 3. Bf4 c5 4. e3 Nc6 5. Nbd2 Nh5 6. Be5 e6 7. g4 Nf6 8. g5 Nxe5 9. Nxe5 Nd7 10.
Bb5 Bd6 11. Qh5 Bxe5 12. dxe5 Qa5 13. a4 a6 14. Bxd7+ Bxd7 15. c3 g6 16. Qf3 O-O-O 17. Qxf7 Qb6 18. b4 cxb4 19. cxb4 Qxb4 20. Rb1 Qa5 21.
Qe7 Kb8 22. Qa3 Bc6 23. Ke2 d4 24. Nc4 Qd5 25. Nd6 Qf3+ 26. Kd3 Qxf2 27. Kxd4 Bxh1 28. Rxh1 Rd7 29. Qb4 Rc8 30. Rb1 Rcc7 31. a5 Qxh2 32. Qb3 Qh4+ 0-1

[Event "Late-Titled-Tuesday-Blitz-November-28-2023"]
[Site "Chess.com"]
[Date "2023.11.28"]
[Round "3"]
[White "picturesquecheck"]
[Black "mind1mover"]
[Result "0-1"]
[WhiteElo "2376"]
[BlackElo "2757"]
[TimeControl "180+1"]
[EndTime "14:27:30 PST"]
[Termination "mind1mover won by resignation"]

1. e4 e5 2. Nf3 d6 3. Bc4 Be7 4. d3 Nf6 5. O-O O-O 6. a4 a5 7. h3 h6 8. Nbd2 c6 9. Bb3 Nbd7 10. Re1 Re8 11. Nf1 Nc5 12. Ba2 Nxa4 13. Bxf7+ Kxf7 14. Rxa4 b5 15. Ra1 c5 16. Ng3 Kg8 17. c3 Nd7 18. Nf5 Nf8 19. Qb3+ Be6 20.
Nxe7+ Qxe7 21. Qxb5 Reb8 22. Qa4 Ng6 23. Qd1 Rf8 24.
d4 Rf7 25. dxe5 dxe5 26. Be3 Raf8 27. Rxa5 Rxf3 28. Bxc5 Qh4 29. Bxf8 Qxf2+ 30. Kh1 Nh4 31.
Re2 Rxh3+ 32. gxh3 Qf3+ 33. Kg1 Bxh3 34. Qd5+ Kh7 35.
Qxe5 Qf1+ 36. Kh2 Nf3+ 37. Kg3 Nxe5 38. Rxe5 Qxe2 39. Kxh3 Qf3+ 40. Kh2 Qf4+ 41. Kg2 Qxe5 0-1

[Event "Late-Titled-Tuesday-Blitz-November-28-2023"]
[Site "Chess.com"]
[Date "2023.11.28"]
[Round "3"]
[White "inagreV"]
[Black "Harry_Rakkel"]
[Result "1-0"]
[WhiteElo "2452"]
[BlackElo "2667"]
[TimeControl "180+1"]
[EndTime "14:27:30 PST"]
[Termination "inagreV won on time"]

1. d4 Nf6 2. c4 e6 3. Nf3 b6 4.
e3 Bb7 5. Be2 d5 6. cxd5 exd5 7.
O-O Bd6 8. b4 a6 9. a3 Nbd7 10. Nbd2 O-O 11. Bb2 Qe7 12. Qc2 Rfe8 13. Rac1 Rac8 14. Qa4 c6 15. Qb3 h5 16. Rfe1 b5 17. Qc2 Ng4 18. Bd3 Nb6 19. e4 Bf4 20. exd5 Bxh2+ 21. Kf1 Qd8 22. Bf5 Rxe1+ 23. Rxe1 Nxd5 24.
Bxc8 Qxc8 25. Ne4 Bc7 26. Nc5 g6 27. Qe4 Ngf6 28. Qh4 Bd8 29. Bc1 Qc7 30. Bg5 Bc8 31. Ne5 1-0

[Event "Late-Titled-Tuesday-Blitz-November-28-2023"]
[Site "Chess.com"]
[Date "2023.11.28"]
[Round "3"]
[White "YQPerez"]
[Black "EvilMorty23"]
[Result "1-0"]
[WhiteElo "2837"]
[BlackElo "2481"]
[TimeControl "180+1"]
[EndTime "14:27:32 PST"]
[Termination "YQPerez won by resignation"]

1. e4 e6 2. d4 d5 3. Nc3 Nf6 4. e5 Nfd7 5. Nce2 c5 6. c3 Nc6 7.
Nf3 f6 8. Nf4 Qe7 9. Bb5 cxd4 10. exf6 Nxf6 11. O-O e5 12. Nxe5 Qxe5 13. Re1 Ne4 14.
f3 dxc3 15. fxe4 Bc5+ 16. Kh1 O-O 17. exd5 cxb2 18. Bxb2 Qxb2 19. Rb1 Qd4 20. dxc6 Rxf4 21. Qb3+ Kf8 22. Rbd1 Qf6 23. Qd5 Rf5 24. cxb7 Bxb7 25. Qxb7 Rd8 26. g4 Rf2 27. Rxd8+ Qxd8 28. Re8+ Qxe8 29. Bxe8 Kxe8 30. Qc6+ Kf7 31. Qxc5 Rf6 32. Qxa7+ Kg6 33. Qc5 h6 34. a4 Rf1+ 35. Kg2 Rc1 36. Qxc1 Kf6 37. Kf3 h5 38. gxh5 Kf7 39. Ke4 Kg8 40.
Kd5 Kh7 41. Kc6 g6 42. Kb7 gxh5 43. Ka8 h4 44. Kb7 h3 45. a5 Kg6 46. a6 Kf5 47.
Kc6 Ke4 48. Kc5 Kf3 49. Kd4 Kg2 50. Qd2+ Kg1 51. Ke3 Kh1 52. Kf3 Kg1 53. Kg3 Kh1 54.
Qe2 Kg1 55. a7 Kh1 56. a8=Q+ Kg1 57. Qa7+ Kh1 58. Qaa6 Kg1 59. Qb6+ 1-0

[Event "Late-Titled-Tuesday-Blitz-November-28-2023"]
[Site "Chess.com"]
[Date "2023.11.28"]
[Round "3"]
[White "wallowss"]
[Black "Jaka_Brilej"]
[Result "0-1"]
[WhiteElo "2201"]
[BlackElo "2461"]
[TimeControl "180+1"]
[EndTime "14:27:33 PST"]
[Termination "Jaka_Brilej won by checkmate"]

1. d4 Nf6 2. Bg5 d5 3. Nd2 Bf5 4. Ngf3 Nbd7 5. e3 e6 6. h3 h6 7.
Bh4 Bd6 8. c4 g5 9. c5 Bxc5 10.
dxc5 gxh4 11. Nxh4 Bh7 12. Rc1 c6 13. Nb3 a5 14. a4 Qe7 15. Nf3 Ne4 16. Bd3 Ndxc5 17. Nxc5 Nxc5 18. Bxh7 Rxh7 19. Qc2 Ne4 20. Nd4 Qb4+ 21.
Kf1 Qd6 22. g3 Rg7 23. Rg1 Kd7 24. b3 f5 25. Nf3 b6 26. Qb2 d4 27. exd4 Qd5 28.
Ne5+ Ke8 29. Nxc6 Rc8 30. Ne5 Rgc7 31. Re1 Rc2 32. Qxc2 Rxc2 33. Rg2 Qxd4 34. Ng4 fxg4 35. hxg4 Rxf2+ 36. Kg1 Rxg2+ 37. Kxg2 Qf2+ 38. Kh3 Qxg3# 0-1

[Event "Late-Titled-Tuesday-Blitz-November-28-2023"]
[Site "Chess.com"]
[Date "2023.11.28"]
[Round "3"]
[White "Schattman"]
[Black "DraningWaterHi"]
[Result "1/2-1/2"]
[WhiteElo "2417"]
[BlackElo "2166"]
[TimeControl "180+1"]
[EndTime "14:27:34 PST"]
[Termination "Game drawn by repetition"]

1. c4 Nf6 2. g3 g6 3. b3 Bg7 4. Bb2 O-O 5. Nf3 c5 6. Bg2 d6 7. d4 cxd4 8. Nxd4 Nfd7 9. O-O a6 10. Nc3 Nf6 11. h3 Qc7 12. Rc1 Nc6 13. Nd5 Qd8 14. Nxc6 bxc6 15. Nxf6+ exf6 16. Bxc6 Rb8 17. Bg2 Re8 18.
Qd2 Bf8 19. Qd4 Bg7 20. e3 Qa5 21. Ra1 Be6 22. Rfd1 Red8 23. Kh2 Qb4 24. Bc3 Qa3 25. Bd5 Bxd5 26. Qxd5 Qc5 27. Rd2 f5 28. Bxg7 Kxg7 29. Rad1 Qa3 30. h4 h5 31. Qd4+ Kg8 32. Qf6 Ra8 33.
Rxd6 Rxd6 34. Qxd6 Qxa2 35. Qd2 Qxb3 36. c5 Rc8 37. Rc1 Qe6 38. Qa5 Qc6 39. Rc3 Qb5 40. Qa3 Rc6 41. Kg2 a5 42. Qc1 a4 43. Qa3 Kh7 44. Kh2 Kg7 45. Kg2 Kh7 46. Kh2 Qf1 47.
Rc2 Qb5 48. Rc3 1/2-1/2

[Event "Late-Titled-Tuesday-Blitz-November-28-2023"]
[Site "Chess.com"]
[Date "2023.11.28"]
[Round "3"]
[White "SanchezKelvin"]
[Black "melissa_guez"]
[Result "1-0"]
[WhiteElo "2527"]
[BlackElo "2250"]
[TimeControl "180+1"]
[EndTime "14:27:38 PST"]
[Termination "SanchezKelvin won by resignation"]

1. e4 c5 2. Nf3 e6 3. d4 cxd4 4. Nxd4 Nc6 5. Nc3 Qc7 6. Be3 a6 7. Qf3 Nf6 8. O-O-O Rb8 9. Qg3 Ne5 10. f4 Neg4 11.
e5 Nxe3 12. exf6 Nxd1 13. fxg7 Rg8 14. gxf8=Q+ Kxf8 15. Qd3 Nxc3 16. bxc3 Qxf4+ 17. Kb2 b5 18. g3 Qc7 19. Bh3 b4 20. c4 a5 21. Rf1 Qe5 22. Kb1 Ba6 23. Qxh7 Rg7 24. Qh8+ Ke7 25. Qh4+ Qg5 26.
Qe4 Kd6 27. Rd1 Kc7 28. Qd3 f5 29. Nf3 Qe7 30. Qd4 Kb7 31. Bg2 Kc8 32. Ne5 Rb7 33.
Bxb7+ Bxb7 34. Qb6 d5 35. Nc6 Bxc6 36. Qxc6+ Kb8 37.
cxd5 exd5 38. Rxd5 Qe6 39. Rb5+ Ka7 40. Qxe6 Rb7 41.
Qe3+ 1-0

[Event "Late-Titled-Tuesday-Blitz-November-28-2023"]
[Site "Chess.com"]
[Date "2023.11.28"]
[Round "3"]
[White "Heinza9"]
[Black "Meri-Arabidze"]
[Result "0-1"]
[WhiteElo "2312"]
[BlackElo "2679"]
[TimeControl "180+1"]
[EndTime "14:27:38 PST"]
[Termination "Meri-Arabidze won on time"]

1. e4 c6 2. d4 d5 3. exd5 cxd5 4.
c4 Nf6 5. Nc3 e6 6. Nf3 Bb4 7.
cxd5 Nxd5 8. Bd2 Nc6 9. Bd3 O-O 10. O-O Be7 11. Qe2 Nf6 12. Rfd1 Nb4 13. Bb1 Bd7 14. a3 Nbd5 15. Ne5 Bc6 16. Nxc6 bxc6 17. Qc4 Qb6 18. b4 Rfc8 19. Na4 Qb5 20. Qc2 g6 21. Nc5 Qe2 22. Re1 Qg4 23. Ne4 Qh5 24. h3 Rd8 25. Ba2 Rac8 26. Rad1 Qf5 27. Bb1 Nxe4 28. Qxe4 Qxe4 29. Bxe4 Bf6 30. Bxd5 cxd5 31. Bf4 Rc4 32. Be3 Rdc8 33. Rd3 h5 34. Kf1 Be7 35. Rb1 Rc3 36. Rb3 Rc2 37. Rd2 Rc1+ 38. Ke2 g5 39. b5 R1c4 40.
Rdb2 Kg7 41. f3 Kg6 42. Kd3 h4 43. b6 axb6 44. Rxb6 Bxa3 45. R2b3 Be7 46. Rb7 Bf6 47. Rd7 Ra4 48. Rdb7 Rcc4 49. Rc3 Rxc3+ 50. Kxc3 Ra3+ 51.
Kd2 Ra2+ 52. Kd3 Rxg2 0-1

[Event "Late-Titled-Tuesday-Blitz-November-28-2023"]
[Site "Chess.com"]
[Date "2023.11.28"]
[Round "3"]
[White "NoHeThTo"]
[Black "TRadjabov"]
[Result "0-1"]
[WhiteElo "2695"]
[BlackElo "3008"]
[TimeControl "180+1"]
[EndTime "14:27:40 PST"]
[Termination "TRadjabov won by checkmate"]

1. d4 Nf6 2. Nc3 d5 3. Bf4 c6 4. e3 Qb6 5. a3 g6 6. Bd3 Bg7 7. Nf3 Nbd7 8. Ne5 Nh5 9. Nxd7 Bxd7 10. Bg3 Nxg3 11. hxg3 e5 12. Na4 Qa5+ 13. c3 O-O 14. Nc5 Bc8 15. b4 Qc7 16. Be2 Re8 17. Nd3 e4 18. Nf4 Bd7 19. c4 dxc4 20. Bxc4 Rad8 21. Qb3 Bg4 22. Rh4 Bc8 23. Rh1 Re7 24. Rc1 Qd6 25. Qc2 Bf5 26. Qe2 h5 27. Bb3 Bg4 28. Qc4 a6 29.
Qc5 Kh7 30. Qg5 Bh6 31. Qc5 Qf6 32. a4 Rdd7 33. b5 axb5 34. axb5 Rc7 35. Qb6 Kg7 36. bxc6 bxc6 37. Qc5 Rb7 38. Bd1 Bxd1 39. Kxd1 Rb2 40. Ke1 Reb7 41. Qxh5 Qxf4 42. gxf4 gxh5 43. Rxh5 Ra2 44.
Rhc5 Rbb2 45. Rxc6 Re2+ 46. Kd1 Rad2# 0-1

[Event "Late-Titled-Tuesday-Blitz-November-28-2023"]
[Site "Chess.com"]
[Date "2023.11.28"]
[Round "3"]
[White "ahkashefi2800"]
[Black "K_A_S_T_O_R"]
[Result "0-1"]
[WhiteElo "2578"]
[BlackElo "2897"]
[TimeControl "180+1"]
[EndTime "14:27:40 PST"]
[Termination "K_A_S_T_O_R won by checkmate"]

1. d4 Nf6 2. Nf3 e6 3. g3 b6 4. Bg2 Bb7 5. O-O c5 6. Bg5 cxd4 7. Qxd4 Be7 8. Nbd2 h6 9. Bxf6 Bxf6 10. Qb4 Nc6 11. Qa3 d5 12. e4 Be7 13. Qa4 O-O 14. c3 dxe4 15. Nxe4 Qc7 16. Rad1 Rad8 17. Rxd8 Rxd8 18. Rd1 Rxd1+ 19. Qxd1 Na5 20. Qe2 Qc4 21. Nd4 Qxa2 22.
h4 Qc4 23. Qe3 Bd5 24. b4 Nb3 25. Nxb3 Qxb3 26. Nd2 Qd1+ 27. Kh2 Bxg2 28. Kxg2 Qg4 29. Nf3 Bf6 30. b5 Qc4 31. Qd2 Qxb5 32. Qa2 a5 33. Qa3 Qc6 34. Qb3 Bxc3 35. g4 a4 36. Qd1 Bf6 37.
Qd3 Bxh4 38. Kh3 Bf6 39. g5 hxg5 40. Kg4 Qd5 41. Qe3 Qf5+ 42. Kg3 Qf4+ 43. Qxf4 gxf4+ 44. Kxf4 a3 45. Nd2 a2 46. Nb3 a1=Q 47. Nd2 Qe5+ 48. Kf3 Qd5+ 49. Kg3 Qxd2 50. Kh2 Qxf2+ 51. Kh1 Qf1+ 52.
Kh2 Be5# 0-1

[Event "Late-Titled-Tuesday-Blitz-November-28-2023"]
[Site "Chess.com"]
[Date "2023.11.28"]
[Round "3"]
[White "Fortitudine"]
[Black "TimGrutter03"]
[Result "1/2-1/2"]
[WhiteElo "2379"]
[BlackElo "2539"]
[TimeControl "180+1"]
[EndTime "14:27:40 PST"]
[Termination "Game drawn by repetition"]

1. c4 a6 2. g3 g6 3. Bg2 Bg7 4. Nc3 d6 5. e4 Nc6 6. Nge2 Nf6 7. O-O O-O 8. d3 Rb8 9. a4 Nb4 10. h3 c5 11. d4 Nd7 12. Be3 Qa5 13. Qd2 cxd4 14.
Nxd4 Nc5 15. Nd5 Nc6 16. Qxa5 Nxa5 17. b4 Nab3 18. Nxe7+ Kh8 19. Nxb3 Nxb3 20. Rab1 Nd4 21. Rfd1 Nc2 22. Bf4 Na3 23. Rbc1 Bd7 24. Bxd6 Bxa4 25. Bxb8 Bxd1 26. Rxd1 Rxb8 27. c5 Nc2 28. Nd5 Nd4 29. Bf1 Rc8 30. Kg2 a5 31. bxa5 Rxc5 32. Rb1 Rxa5 33. Rxb7 Kg8 34. Rb8+ Bf8 35. Bc4 Kg7 36.
Nf4 Rc5 37. Bd5 Rc7 38. h4 Bd6 39. Nh3 h6 40. g4 Ne2 41. Kf3 Nd4+ 42. Kg2 Ne2 43.
Kf3 Nd4+ 44. Kg2 1/2-1/2

[Event "Late-Titled-Tuesday-Blitz-November-28-2023"]
[Site "Chess.com"]
[Date "2023.11.28"]
[Round "3"]
[White "KNVB"]
[Black "vidavi"]
[Result "1-0"]
[WhiteElo "2689"]
[BlackElo "2440"]
[TimeControl "180+1"]
[EndTime "14:27:42 PST"]
[Termination "KNVB won by resignation"]

1. e4 c5 2. Nf3 Nc6 3. d3 g6 4.
h4 h5 5. Ng5 Bg7 6. Nd2 d5 7.
c3 Nf6 8. g3 O-O 9. Bh3 Ne5 10.
Ndf3 Bxh3 11. Nxh3 Nfg4 12. Nhg5 dxe4 13. Nxe5 Bxe5 14. Nxe4 Qb6 15. Qe2 Qc6 16. O-O Rfd8 17. Be3 b6 18. Rad1 Bg7 19. Bc1 a5 20. Rfe1 e6 21. Bg5 Rd5 22. f3 Ne5 23. Bf6 Nxf3+ 24. Qxf3 Rf5 25. Qg2 Qd5 26. Bxg7 Kxg7 27. Ng5 Qxa2 28.
Rf1 Rd8 29. Rxf5 exf5 30. Rd2 a4 31. d4 Qb1+ 32. Qf1 Qxf1+ 33. Kxf1 a3 34. bxa3 cxd4 35. cxd4 Ra8 36. Rd3 f6 37. Ne6+ Kf7 38. Nf4 Ra5 39. d5 g5 40. hxg5 fxg5 41. Ne6 g4 42. d6 Kxe6 43.
d7 Ra8 44. d8=Q Rxd8 45. Rxd8 f4 46. Kf2 fxg3+ 47. Kxg3 Ke5 48. Rb8 1-0

[Event "Late-Titled-Tuesday-Blitz-November-28-2023"]
[Site "Chess.com"]
[Date "2023.11.28"]
[Round "3"]
[White "Dontmesswithme_2"]
[Black "Byniolus"]
[Result "0-1"]
[WhiteElo "2462"]
[BlackElo "2779"]
[TimeControl "180+1"]
[EndTime "14:27:44 PST"]
[Termination "Byniolus won by resignation"]

1. d4 d6 2. e4 Nf6 3. Nc3 c6 4. a4 a5 5. Be2 Nbd7 6. Be3 e5 7. Nf3 Be7 8. O-O O-O 9. h3 Re8 10. d5 Nf8 11. Nd2 c5 12. Bb5 Bd7 13. Nc4 Ng6 14. Bxd7 Nxd7 15. Nb5 Nb6 16. Nxb6 Qxb6 17. c3 Qd8 18. b4 axb4 19. cxb4 b6 20. a5 Qd7 21.
Qe2 bxa5 22. bxc5 dxc5 23. d6 Bd8 24. Bxc5 Nf4 25. Qc4 Rc8 26. Rfc1 Re6 27. Qf1 Rg6 28. g4 h5 29. f3 Rxc5 30. Rxc5 Bb6 31. Rc1 Nxh3+ 32.
Qxh3 Qxb5 33. d7 Bxc5+ 34. Kh1 Qxd7 35. Rxc5 hxg4 36. fxg4 Rxg4 37. Rd5 Rg1+ 38. Kh2 Rh1+ 39. Kxh1 Qxh3+ 40. Kg1 Qg4+ 41. Kf1 Qf4+ 42. Kg1 Qxe4 43. Rd8+ Kh7 44. Rd2 Qf4 45. Rh2+ Qxh2+ 46. Kxh2 f5 0-1

[Event "Late-Titled-Tuesday-Blitz-November-28-2023"]
[Site "Chess.com"]
[Date "2023.11.28"]
[Round "3"]
[White "MikeSailer"]
[Black "tantaan"]
[Result "0-1"]
[WhiteElo "2061"]
[BlackElo "2354"]
[TimeControl "180+1"]
[EndTime "14:27:44 PST"]
[Termination "tantaan won on time"]

1. d4 Nf6 2. Bg5 Ne4 3. Bf4 d5 4. f3 Nf6 5. Nc3 c6 6. e3 e6 7.
a3 Bd6 8. Bg5 O-O 9. Bd3 h6 10.
Bh4 Nbd7 11. Nh3 Qc7 12. f4 c5 13. O-O cxd4 14. exd4 Qb6 15. Kh1 Kh8 16. Bf2 Nb8 17. Na4 Qc7 18. Bg3 b6 19. Rc1 Bd7 20. c4 Qb7 21. c5 Be7 22. b4 bxc5 23. Nxc5 Bxc5 24.
dxc5 Bb5 25. f5 Nc6 26. fxe6 fxe6 27. Nf4 Na5 28. Ng6+ Kg8 29. Nxf8 Rxf8 30. bxa5 Bc6 31. Rb1 Qd7 32. Bd6 Re8 33. Rb8 e5 34. Rxe8+ Qxe8 35. Rxf6 gxf6 36. Qg4+ Kh8 37. Qf5 Qf7 38. a6 e4 39. Be2 d4 40. h3 d3 41. Bd1 e3 0-1

[Event "Late-Titled-Tuesday-Blitz-November-28-2023"]
[Site "Chess.com"]
[Date "2023.11.28"]
[Round "3"]
[White "Ali_rastbod"]
[Black "2Killer2"]
[Result "1-0"]
[WhiteElo "2787"]
[BlackElo "2469"]
[TimeControl "180+1"]
[EndTime "14:27:48 PST"]
[Termination "Ali_rastbod won by checkmate"]

1. Nf3 c5 2. b3 Nf6 3. Bb2 Nc6 4. c4 e6 5. g3 Be7 6. Bg2 b6 7. d4 cxd4 8. Nxd4 Bb7 9. Nb5 Qb8 10. O-O O-O 11.
Qd2 a6 12. N5c3 d6 13. Na3 Rd8 14. Nc2 Ne5 15. e4 Qc7 16. f4 Ng6 17. Ne3 Bc6 18. Rac1 Qb7 19. Qd3 b5 20. cxb5 axb5 21. b4 d5 22.
exd5 exd5 23. a3 Rac8 24. Nf5 Bf8 25. Ne2 d4 26. Rxc6 Rxc6 27. Nexd4 Qb6 28. Bxc6 Qxc6 29. Nxc6 Rxd3 30. Bxf6 gxf6 31. Re1 Rc3 32. Ncd4 Rxa3 33. Re8 Ra1+ 34. Kg2 Rb1 35. Nc6 Rb3 36. h4 h5 37.
Rb8 Rb2+ 38. Kf3 Rb3+ 39. Ke4 Kh7 40. Rb7 Bxb4 41. Rxf7+ Kg8 42. Rg7+ Kf8 43. Rxg6 Bc5 44. Rxf6+ Ke8 45. Kd5 Bf2 46. Re6+ Kf7 47. Ne5+ Kf8 48.
Rf6+ Ke8 49. Rh6 Rb1 50. Rh8# 1-0

[Event "Late-Titled-Tuesday-Blitz-November-28-2023"]
[Site "Chess.com"]
[Date "2023.11.28"]
[Round "3"]
[White "The_Princess_Moon"]
[Black "vladgoncharov"]
[Result "0-1"]
[WhiteElo "2392"]
[BlackElo "2624"]
[TimeControl "180+1"]
[EndTime "14:27:49 PST"]
[Termination "vladgoncharov won on time"]

1. e4 e6 2. d4 d5 3. exd5 exd5 4.
Bd3 Nc6 5. c3 Bd6 6. Ne2 Nge7 7. Bf4 Bf5 8. O-O Bxd3 9. Qxd3 O-O 10. Nd2 Bxf4 11. Nxf4 Qd6 12. Qf3 Rfe8 13. Rfe1 a5 14. a4 Nd8 15. Nd3 Ne6 16. Ne5 f6 17. Nd3 Ng6 18. g3 c6 19. h4 Re7 20. h5 Ng5 21.
Qg2 Nf8 22. Rxe7 Qxe7 23. Re1 Qd6 24. Nc5 b6 25. Nd3 Qd7 26. f4 Nf7 27. Qe2 Qh3 28. Qh2 Qf5 29. Re3 Nd6 30. h6 gxh6 31.
Qxh6 Ng6 32. Nf2 Re8 33. Rxe8+ Nxe8 34. Nf3 Nd6 35. Kg2 Qc2 36. f5 Ne4 37. Qe3 Ne7 38. Nh4 Qxb2 39. Kf3 Qxf2+ 40. Qxf2 Nxf2 41. Kxf2 Kf7 42.
Kf3 Nc8 43. Ng2 Nd6 44. Nf4 Nc4 45. Ne6 Ke7 46. g4 Nb2 47. g5 Nxa4 48. gxf6+ Kxf6 49.
Nd8 c5 50. dxc5 Nxc5 51. Nc6 Kxf5 52. Ne7+ Ke6 53. Nc8 a4 54. Nxb6 a3 0-1

[Event "Late-Titled-Tuesday-Blitz-November-28-2023"]
[Site "Chess.com"]
[Date "2023.11.28"]
[Round "3"]
[White "Blackwhite017"]
[Black "Godzillator"]
[Result "0-1"]
[WhiteElo "2046"]
[BlackElo "2355"]
[TimeControl "180+1"]
[EndTime "14:27:51 PST"]
[Termination "Godzillator won on time"]

1. e4 d5 2. exd5 Qxd5 3. Nf3 Bg4 4. Be2 Nf6 5. h3 Bh5 6. Nc3 Qd6 7. d4 c6 8. Be3 Nbd7 9. Qd2 Nb6 10. O-O-O e6 11. Rhe1 Be7 12. g4 Bg6 13. Ne5 Nfd5 14. Nxd5 Nxd5 15.
Nxg6 hxg6 16. c4 Nxe3 17. Qxe3 O-O-O 18. d5 cxd5 19. Qxa7 d4 20. Qa8+ Qb8 21. Qxb8+ Kxb8 22. Rd3 e5 23. Bf1 Bg5+ 24. Kc2 Bf4 25. Bg2 f5 26.
Rb3 Rd7 27. Bd5 Rc7 28. Rb6 Rd8 29. Kd1 fxg4 30. hxg4 g5 31. Rg6 Ka7 32. b3 b5 33.
Ke2 bxc4 34. Bxc4 e4 35. Rh1 d3+ 36. Kd1 e3 37. fxe3 Bxe3 38. Rh7 Rdd7 39. Rh5 d2 40. Rh8 Rf7 41. Bxf7 Rc1+ 42. Ke2 d1=Q+ 43. Kxe3 Rc3+ 44. Ke4 Qd3+ 45. Ke5 Rc5+ 46. Ke6 Qe4+ 0-1

[Event "Late-Titled-Tuesday-Blitz-November-28-2023"]
[Site "Chess.com"]
[Date "2023.11.28"]
[Round "3"]
[White "alexrustemov"]
[Black "NigelDwarf"]
[Result "1/2-1/2"]
[WhiteElo "2850"]
[BlackElo "2553"]
[TimeControl "180+1"]
[EndTime "14:27:52 PST"]
[Termination "Game drawn by repetition"]

1. d4 Nf6 2. c4 g6 3. Nf3 Bg7 4. g3 O-O 5. Bg2 Nc6 6. Nc3 d6 7. h3 e5 8. Be3 Re8 9. dxe5 Nxe5 10. Nxe5 Rxe5 11. Qd2 a6 12. O-O Be6 13. b3 Qc8 14.
h4 Rb8 15. Ba7 Ra8 16. Bd4 Rh5 17. Rac1 Bh3 18. Bxf6 Bxf6 19. Nd5 Bd8 20. Bxh3 Qxh3 21. Nf4 Bg5 22. Nxh3 Bxd2 23. Rc2 Bb4 24. Nf4 Re5 25.
Nd5 Ba5 26. b4 c6 27. Nf6+ Kg7 28. Nd7 Re7 29. bxa5 Rxd7 30. Rd1 Re8 31. Kg2 Re5 32.
c5 d5 33. Rd4 f5 34. e3 Kf6 35. Kf3 Re4 36. Ke2 Rxd4 37. exd4 Re7+ 38. Kd3 h6 39. Rb2 Rd7 40. Re2 Re7 41. Rb2 Rd7 42. f3 Re7 43.
Rb1 Kf7 44. g4 f4 45. Kd2 Kf6 46. Rb3 g5 47. h5 Kf7 48. Rb1 Kf6 49. Rb3 Kf7 50.
Rc3 Kf6 51. Rd3 Kf7 52. Rb3 Kf6 53.
Kd1 Kf7 54. Rc3 Kf6 55. Kd2 Kf7 56. Rb3 Kf6 57. Rc3 Kf7 58. Rb3 1/2-1/2

[Event "Late-Titled-Tuesday-Blitz-November-28-2023"]
[Site "Chess.com"]
[Date "2023.11.28"]
[Round "3"]
[White "larsmandreassen"]
[Black "Artem_Koval"]
[Result "1-0"]
[WhiteElo "2258"]
[BlackElo "2510"]
[TimeControl "180+1"]
[EndTime "14:27:53 PST"]
[Termination "larsmandreassen won by checkmate"]

1. d4 d5 2. Nf3 Nf6 3. c4 e6 4. Nc3 Be7 5. Bg5 O-O 6. e3 a6 7. cxd5 exd5 8. Bd3 c6 9. Rc1 Bg4 10. h3 Bh5 11. O-O Nbd7 12. Qc2 Bxf3 13. gxf3 h6 14.
Bh4 Nh5 15. Bxe7 Qxe7 16. Kh2 Qd6+ 17. f4 Rae8 18. Rg1 Kh8 19. Rg2 g5 20. Rcg1 gxf4 21. Kh1 fxe3 22. Nd1 Nf4 23. Rg7 Nf6 24. Nxe3 Nxh3 25.
R1g3 Ng5 26. Nf5 Qf4 27. R7xg5 hxg5 28. Rh3+ Nh7 29. Ne3 f5 30. Bxf5 Rxf5 31. Qxf5 Qxf5 32. Nxf5 Re2 33. Nd6 Rxb2 34. Nf7+ Kg7 35. Ne5 Rxf2 36. Rb3 b5 37. Ra3 Kf6 38. Nxc6 Kf5 39. Rxa6 Kg4 40. Ra7 Kg3 41. Ra3+ Kh4 42. Ne5 Nf6 43. Ng6+ Kh5 44. Ne5 Ne4 45. Rh3# 1-0